 Dungeon Crawl Stone Soup version 0.20.1-1-g8b1a95d (webtiles) character file.

26 dmj the Skirmisher (level 3, 24/24 HPs)
             Began as a Gargoyle Chaos Knight on July 30, 2017.
             Got out of the dungeon alive.
             The game lasted 00:02:58 (1474 turns).

dmj the Skirmisher (Gargoyle Chaos Knight)          Turns: 1474, Time: 00:02:58

Health: 24/24      AC:  8    Str: 15    XL:     3   Next: 8%
Magic:  3/3        EV: 11    Int: 12    God:    Xom [..*...]
Gold:   31         SH:  0    Dex: 10    Spells: 2/2 levels left

rFire    . . .     SeeInvis .   a - +0 mace (chaos)
rCold    . . .     Gourm    .   (no shield)
rNeg     + . .     Faith    .   b - +2 leather armour
rPois    ∞         Spirit   .   (no helmet)
rElec    +         Reflect  .   (no cloak)
rCorr    .         Harm     .   (no gloves)
MR       .....                  (no boots)
Stlth    +.........             (no amulet)
Regen    0.1/turn               (no ring)
MPRegen  0.1/turn               (no ring)

@: no status effects
A: negative energy resistance 1, electricity resistance, unbreathing,
petrification resistance, rot immunity, AC +3
a: Renounce Religion


You escaped.
You worshipped Xom.
You were a toy of Xom.
You were near starving.

You visited 1 branch of the dungeon, and saw 1 of its levels.

You collected 31 gold pieces.

Inventory:

Hand Weapons
 a - a +0 mace of chaos (weapon)
Armour
 b - a +2 leather armour (worn)
Wands
 e - a wand of disintegration (9/24)
Scrolls
 d - 2 scrolls of noise {unknown}
Comestibles
 c - a bread ration


   Skills:
 + Level 3.7 Fighting
 + Level 3.3 Maces & Flails
 + Level 2.6 Armour
 + Level 1.0 Dodging
 + Level 0.2 Stealth


You had 2 spell levels left.
You didn't know any spells.

Dungeon Overview and Level Annotations

Branches:
Dungeon (1/15)

Altars:


Innate Abilities, Weirdness & Mutations

You are resistant to torment.
Your stone body is resilient. (AC +3)
You are immune to poison.
You resist negative energy. (rN+)
You are resistant to electric shocks. (rElec)
You can survive without breathing.
You are immune to petrification.
You are immune to rotting.


Message History

You start waiting.
You start waiting.
You are near starving!
Partly explored, can't reach some places.
Unknown command.
Unknown command.
Unknown command.
There is an open gate here.
There is an open gate here.
There is an open door here.
There is an open door here.
There is a staircase leading out of the dungeon here.
There is an open door here.
There is an open door here.
There is a staircase leading out of the dungeon here.
There is a staircase leading out of the dungeon here.
Are you sure you want to leave the Dungeon?
This will make you lose the game!
Uppercase [Y]es or [N]o only, please.
Are you sure you want to leave the Dungeon?
This will make you lose the game!
You have escaped!

..# #...#§§.§.#.#......... ..####
#..§§§.§§.#.########.. .....##
##.§§§§..##...........
......##### ####§#############...
......##..## ##8.8## ##..## #.#.
..###.#.≈..## ##'## ##..≈.# #...
..#...#.≈≈.####...####....####...
###.#.#≈≈≈.#≈#.....#§#.≈≈≈#.###..
#.#.#§≈§≈#.'..@..'.#.≈≈≈#.# #..
###+#.#§§≈.#≈#.....#≈#.≈.≈#.###..
.....##.≈≈.####...####.≈..##.....
.....##.≈..## ##'## ##..§.##....#
..)..###..## ##...## ##..###....#
.....# #### ######### #### ######
.....# ##.......## #. .....#
#....)....###########. .....#
#...§§§...#>.....#....


There were no monsters in sight!

Vanquished Creatures
  An ooze (D:1)
  3 dart slugs (D:1)
  A goblin (D:1)
  4 hobgoblins (D:1)
  2 kobolds (D:1)
  A bat (D:1)
  A frilled lizard (D:1)
  3 rats (D:1)
16 creatures vanquished.

Vanquished Creatures (others)
  A hobgoblin (D:1)
1 creature vanquished.

Grand Total: 17 creatures vanquished

Notes
Turn   | Place    | Note
-------+----------+-------------------------------------------
     0 | D:1      | dmj the Gargoyle Chaos Knight began the quest for the Orb.
     0 | D:1      | Reached XP level 1. HP: 14/14 MP: 1/1
    74 | D:1      | XOM: harmless Tmut miscast
   125 | D:1      | XOM: cloud trail
   134 | D:1      | XOM: divination: detect creatures
   136 | D:1      | Reached XP level 2. HP: 18/19 MP: 2/2
   450 | D:1      | XOM: cloud trail
   464 | D:1      | XOM: medium Conj miscast
   824 | D:1      | XOM: god gift: wand of disintegration (?/24) {god gift}
   895 | D:1      | Reached skill level 1 in Dodging
   903 | D:1      | Reached XP level 3. HP: 18/24 MP: 3/3
   984 | D:1      | XOM: mild Pois miscast
  1212 | D:1      | XOM: cloud trail
  1474 | D:$      | Got out of the dungeon alive.

Skill      XL: |  1  2 |
---------------+-------+-----
Dodging        | 1 |  1.0
Fighting       | |  3.7
Maces & Flails | |  3.3
Armour         | |  2.6
Stealth        | |  0.2

Action                   || total
-------------------------++-------
Melee: Mace              ||    38
Armor: Leather armour    ||    28
Dodge: Dodged            ||    34
